 Dungeon Crawl Stone Soup version 0.30-a0-1035-g38d5fb2972 (webtiles) character file.

Game seed: 17558528098311805485

46 MacCMillion the Shooter (level 3, -3/29 HPs)
             Began as a Demigod Hunter on Apr 8, 2023.
             Slain by a sleepcap (9 damage)
             ... on level 2 of the Dungeon.
             The game lasted 00:01:44 (829 turns).

MacCMillion the Shooter (Demigod Hunter)             Turns: 829, Time: 00:01:45

Health: -3/29      AC:  4    Str: 12    XL:     3   Next: 27%
Magic:  5/5        EV:  2    Int: 11    God:
Gold:   41         SH:  0    Dex: 21    Spells: 2/2 levels left

rFire   . . .      SeeInvis .    a - +0 shortbow
rCold   . . .      Faith    .    (shield currently unavailable)
rNeg    . . .      Spirit   .    c - +0 leather armour
rPois   .          Reflect  .    (no helmet)
rElec   .          Rampage  .    e - +0 cloak
rCorr   .                        (no gloves)
Will    .....                    (no boots)
Stlth   ++                       (no amulet)
HPRegen 0.24/turn                (no ring)
MPRegen 0.09/turn                (no ring)

@: sleeping
A: high MP 1, forlorn, divine attributes
a: no special abilities


You were on level 2 of the Dungeon.
You visited 1 branch of the dungeon, and saw 2 of its levels.

You collected 41 gold pieces.

Inventory:

Hand Weapons
 a - a +0 shortbow (weapon)
Armour
 c - a +0 leather armour (worn)
 e - a +0 cloak (worn)
Scrolls
 b - a scroll of immolation
 d - 3 scrolls of identify {unknown}
 f - a scroll of silence {unknown}
 h - a scroll of teleportation {unknown}
Potions
 g - a potion of curing {unknown}


   Skills:
 - Level 1.7 Fighting
 + Level 4.4 Ranged Weapons
 - Level 1.7 Dodging
 - Level 2.0 Stealth


You had 2 spell levels left.
You didn't know any spells.
Your spell library contained the following spells:

 Spells                   Type           Power      Damage    Failure   Level
 Freeze                   Ice            0%         1d3       41%         1
 Frozen Ramparts          Ice            0%         1d1       80%         3
 Hailstorm                Conj/Ice       0%         3d3       80%         3
 Tukima's Dance           Hex            0%         N/A       80%         3
 Passage of Golubria      Tloc           0%         N/A       99%         4
 Yara's Violent Unravell  Hex/Tmut       0%         3d3       100%        5


Dungeon Overview and Level Annotations

Branches:
Dungeon (2/15)


Innate Abilities, Weirdness & Mutations

You have an increased reservoir of magic. (+10% MP)
You shall have no god before yourself.
Your divine heritage dramatically boosts your attributes as you level up.


Message History

You are engulfed in a cloud of soporific spores!
You fall asleep.
The sleepcap releases spores at you.
You wake up.
Unknown command.
Fire: a) +0 shortbow
Press: ? - help, Q - select action Shift-Dir - straight line, f/p - sleepcap
Aim: a sleepcap (lightly damaged, 98% to hit)
You shoot an arrow.
The arrow hits the sleepcap but does no damage.
The sleepcap is lightly damaged.
The sleepcap barely misses you.
Fire: a) +0 shortbow
Press: ? - help, Q - select action Shift-Dir - straight line, f/p - sleepcap
Aim: a sleepcap (lightly damaged, 98% to hit)
You shoot an arrow.
The arrow completely misses the sleepcap.
The sleepcap closely misses you.
Unknown command.
Unknown command.
Fire: a) +0 shortbow
Press: ? - help, Q - select action Shift-Dir - straight line, f/p - sleepcap
Aim: a sleepcap (lightly damaged, 98% to hit)
You shoot an arrow.
The arrow hits the sleepcap but does no damage.
The sleepcap is lightly damaged.
The sleepcap releases spores at you! The sleepcap releases spores at you.
You are engulfed in a cloud of soporific spores!
You are unaffected.
Fire: a) +0 shortbow
Press: ? - help, Q - select action Shift-Dir - straight line, f/p - sleepcap
Aim: a sleepcap (lightly damaged, 98% to hit)
You shoot an arrow.
The arrow hits the sleepcap but does no damage.
The sleepcap is lightly damaged.
The sleepcap releases spores at you.
* * * LOW HITPOINT WARNING * * *
You are engulfed in a cloud of soporific spores!
You fall asleep.
The sleepcap releases spores at you!
You die...

#.# #.....#.####.#### #.#
##..<..........†# #.#
#........##.##.# #.#
#..).[##.# .# .#
####.####.....##.##.##.#
##.......#.....##.##.....
...........#.....'......#.#
...........#.....#......#.#
..........@#.....#.)....#..
....†....[.f.....#......###
.................#..#'#....
.............#####<....).>.
....###...$..# #.......##
.. ######## #.......#
#.......# #.......#
#.......#


You could see a sleepcap.

Vanquished Creatures
  An adder (D:2)
  A worm (D:2)
  2 ball pythons (D:1)
  3 bats (D:1)
  An endoplasm (D:1)
  A giant cockroach (D:1)
  2 goblins
  3 hobgoblins (D:1)
  2 jackals (D:2)
  4 kobolds
  4 quokkas (D:1)
  2 frilled lizards (D:2)
  6 rats
32 creatures vanquished.

Notes
Turn   | Place    | Note
-------+----------+-------------------------------------------
     0 | D:1      | MacCMillion the Demigod Hunter began the quest for the Orb.
     0 | D:1      | Reached XP level 1. HP: 17/17 MP: 3/3
    37 | D:1      | Reached skill level 1 in Stealth
   208 | D:1      | Reached XP level 2. HP: 24/24 MP: 4/4
   373 | D:1      | Reached skill level 4 in Ranged Weapons
   778 | D:2      | Reached XP level 3. HP: 29/29 MP: 5/5
   829 | D:2      | Slain by a sleepcap

Illustrated notes

Levels and vault maps discovered:
D:1:      dpeg_arrival_pond, layout_basic
D:2:      layout_basic

Skill      XL: |  1  2 |
---------------+-------+-----
Stealth        | 1 2 |  2.0
Ranged Weapons | 4 |  4.4
Fighting       | |  1.7
Dodging        | |  1.7

Action                     || total
---------------------------++-------
   Fire: Shortbow          ||    87
 Armour: Leather armour    ||     6
  Dodge: Dodged            ||    30

Table legend: (Time is in decaauts)
 A = Elapsed time spent in this place.
 B = Non-inter-level travel time spent in this place.
 C = Inter-level travel time spent in this place.
 D = Time resting spent in this place.
 E = Time spent auto-exploring this place.
 F = Levels seen in this place.
 G = Mean time per level.
                   A        B        C        D        E       F      G
               +--------+--------+--------+--------+--------+-----+--------+
         Total |    858 |    828 |     30 |     42 |    548 |   2 |  429.0 |
       Dungeon |    858 |    828 |     30 |     42 |    548 |   2 |  429.0 |
               +--------+--------+--------+--------+--------+-----+--------+

Top non-repeatable levels by time:
     D:1: 563 daAuts
     D:2: 294 daAuts
